 Dungeon Crawl Stone Soup version 0.20.1-1-g8b1a95d (webtiles) character file.

58 slep the Covered (level 4, -9/37 HPs)
             Began as a Barachi Fighter on Oct 31, 2017.
             Killed by nerve-wracking pain
             ... invoked by a shadow imp
             ... summoned by Natasha
              (14 damage)
             ... on level 3 of the Dungeon.
             The game lasted 00:07:57 (1329 turns).

slep the Covered (Barachi Fighter)                  Turns: 1329, Time: 00:07:58

Health: -9/37      AC:  8    Str: 18    XL:     4   Next: 1%
Magic:  4/4        EV:  7    Int:  8    God:
Gold:   60         SH:  9    Dex: 12    Spells: 3/3 levels left

rFire    + . .     SeeInvis +   a - +0 long sword
rCold    + . .     Gourm    .   c - +0 shield
rNeg     . . .     Faith    .   b - +0 scale mail
rPois    +         Spirit   .   i - +0 helmet
rElec    +         Reflect  .   (no cloak)
rCorr    +         Harm     .   (no gloves)
MR       .....                  (no boots)
Stlth    ..........             (no amulet)
Regen    0.2/turn               k - ring of see invisible
MPRegen  0.1/turn               (no ring)

@: resistant, slowed, very slow
A: +LOS, swims, slowness 1, strong legs 1
a: Hop


You were on level 3 of the Dungeon.
You were not hungry.

You visited 1 branch of the dungeon, and saw 3 of its levels.

You collected 60 gold pieces.

Inventory:

Hand Weapons
 a - a +0 long sword (weapon)
 h - a +3 dagger
 o - a +2 dagger of freezing
Armour
 b - a +0 scale mail (worn)
 c - a +0 shield (worn)
 i - a +0 helmet (worn)
Jewellery
 k - a ring of see invisible (left hand)
Scrolls
 j - a scroll of fog {unknown}
 l - a scroll of enchant weapon {unknown}
 p - a scroll of remove curse {unknown}
 q - 2 scrolls of fear {unknown}
Potions
 d - a potion of might
 g - a potion of degeneration {unknown}
Comestibles
 f - 3 bread rations
 m - a meat ration


   Skills:
 + Level 4.1 Fighting
 + Level 3.3 Long Blades
 + Level 4.3 Armour
 + Level 3.8 Shields


You had 3 spell levels left.
You didn't know any spells.

Dungeon Overview and Level Annotations

Branches:
Dungeon (3/15)

Altars:
Gozag
Okawaru
Xom

Annotations:
D:3 Natasha


Innate Abilities, Weirdness & Mutations

Shadows flee at your approach. (+LOS)
You can swim through water.
You cover ground slowly.
You can hop short distances.


Message History

You hit Natasha but do no damage.
Natasha is moderately wounded.
Natasha stares at you and mumbles some strange words.
The magic dart hits you!
* * * LOW HITPOINT WARNING * * *
The shadow imp lashes its tail.
The shadow imp hits you but does no damage.
Natasha barely misses you. The shadow imp hits you.
* * * LOW HITPOINT WARNING * * *
You hit Natasha.
Natasha is moderately wounded.
Natasha claws you but does no damage. The shadow imp hits you.
* * * LOW HITPOINT WARNING * * *
Natasha claws you but does no damage. You block the shadow imp's attack.
It was a potion of resistance.
You feel protected. Natasha claws you but does no damage.
The shadow imp gestures at you. Pain shoots through your body!
You die...

... .$.. ## #.. .#
#.. .. ##.##.## ##
#..#...#..#
#.######.........#
#..........._....#
...%....5@h......#
######...#...#..#
#.%.##.##.#
##.(...?..#
#......###
###.!.## ####


You could see Natasha and a shadow imp.

Vanquished Creatures
  3 adders (D:2)
  A leopard gecko (D:1)
  3 giant cockroaches
  5 goblins
  4 hobgoblins
  A quokka (D:2)
  7 bats
  2 frilled lizards
  2 kobolds
  2 rats
30 creatures vanquished.

Notes
Turn   | Place    | Note
-------+----------+-------------------------------------------
     0 | D:1      | slep the Barachi Fighter began the quest for the Orb.
     0 | D:1      | Reached XP level 1. HP: 18/18 MP: 1/1
   616 | D:1      | Reached XP level 2. HP: 25/25 MP: 2/2
   849 | D:1      | You fall through a shaft!
  1011 | D:2      | Reached XP level 3. HP: 30/30 MP: 3/3
  1262 | D:2      | Found a shimmering altar of Xom.
  1269 | D:2      | Found an opulent altar of Gozag.
  1317 | D:3      | Found an iron altar of Okawaru.
  1317 | D:3      | Noticed Natasha
  1322 | D:3      | Reached XP level 4. HP: 31/37 MP: 4/4
  1329 | D:3      | Killed from afar by a shadow imp

Skill      XL: |  1  2 |
---------------+-------+-----
Armour         | 4 |  4.3
Fighting       | 4 |  4.1
Long Blades    | 3 |  3.3
Shields        | |  3.8

Action                   |  1- 3 |  4- 6 || total
-------------------------+-------+-------++-------
Melee: Long sword        |    90 |     6 ||    96
  Use: Potion            |       |     1 ||     1
  Eat: Chunk             |     2 |       ||     2
Armor: Scale mail        |    57 |     9 ||    66
Dodge: Dodged            |    42 |     5 ||    47
Block: Shield            |    52 |     3 ||    55
       Rpst.: Long sword |    15 |     3 ||    18
